 Dungeon Crawl Stone Soup version 0.18-b1-22-ge198996 (webtiles) character file.

567 shmeve the Shield-Bearer (level 7, -1/61 HPs)
             Began as a Minotaur Fighter on May 4, 2016.
             Slain by an ice beast (7 damage)
             ... on level 5 of the Dungeon.
             The game lasted 00:06:03 (3253 turns).

shmeve the Shield-Bearer (Minotaur Fighter)         Turns: 3253, Time: 00:06:04

Health: -1/61      AC:  9    Str: 22    XL:     7   Next: 11%
Magic:  6/6        EV:  6    Int:  5    God:
Gold:   120        SH: 10    Dex: 10    Spells: 0 memorised, 6 levels left

rFire  . . .     SeeInvis .     a - +0 war axe
rCold  . . .     Gourm    .     B - +0 chain mail (curse)
rNeg   . . .     Faith    +     c - +0 shield
rPois  .         Spirit   .     (helmet restricted)
rElec  .         Dismiss  .     (no cloak)
rCorr  .         Reflect  .     (no gloves)
SustAt +         Harm     .     (no boots)
MR     .....                    r - amulet of faith
Stlth  ..........               s - ring of sustain attributes
                                D - ring of loudness (curse)

@: not resistant to hostile enchantments, extremely unstealthy
A: retaliatory headbutt, horns 2
a: no special abilities


You were on level 5 of the Dungeon.
You were hungry.

You visited 1 branch of the dungeon, and saw 5 of its levels.

You collected 120 gold pieces.

Inventory:

Hand Weapons
 a - a +0 war axe (weapon)
Armour
 c - a +0 shield (worn)
 B - a cursed +0 chain mail (worn)
Jewellery
 o - an uncursed ring of stealth
 r - an amulet of faith (around neck)
 s - a ring of sustain attributes (right hand)
 D - a cursed ring of loudness (left hand)
Scrolls
 b - a scroll of blinking {unknown}
 e - 5 scrolls of magic mapping {unknown}
 h - 4 scrolls of remove curse {unknown}
 j - 2 scrolls of teleportation {unknown}
 m - 10 scrolls of identify {unknown}
 u - 2 scrolls of fear {unknown}
 y - 3 scrolls of enchant armour {unknown}
 A - 2 scrolls of noise {unknown}
Potions
 d - 3 potions of might
 g - a potion of brilliance {unknown}
 k - 3 potions of degeneration {unknown}
 n - 2 potions of lignification {unknown}
 t - 2 potions of curing {unknown}
 v - a potion of ambrosia {unknown}
 x - a potion of resistance {unknown}
Books
 w - a book of Death

   Spells                             Type                      Level
   a - Corpse Rot                     Necromancy                   2
   b - Sublimation of Blood           Necromancy                   2
   c - Agony                          Necromancy                   5
   d - Dispel Undead                  Necromancy                   5
   e - Excruciating Wounds            Charms/Necromancy            5
   f - Bolt of Draining               Conjuration/Necromancy       5
Comestibles
 f - 4 bread rations
 i - 3 beef jerkies
 l - 6 meat rations
 p - a slice of pizza
 q - a royal jelly
 z - 7 fruits


   Skills:
 * Level 5.6 Fighting
 * Level 4.9 Axes
 + Level 2.0 Throwing
 + Level 4.6 Armour
 + Level 2.1 Dodging
 * Level 5.8 Shields


You had 6 spell levels left.
You didn't know any spells.

Dungeon Overview and Level Annotations

Branches:
Dungeon (5/15)
 Temple: D:4-7

Altars:
Elyvilon
Fedhas
Nemelex Xobeh
Qazlal
Ru
The Shining One


Innate Abilities, Weirdness & Mutations

You reflexively headbutt those who attack you in melee.
You have a pair of horns on your head.


Message History

The ice beast hits you. The ice beast freezes you!
* * * LOW HITPOINT WARNING * * *
The ice beast barely misses you. You block the ice beast's attack.
You hit the ice beast but do no damage. Your headbutt misses the ice beast.
The ice beast is severely wounded.
You closely miss the ice beast.
The ice beast is heavily wounded.
The ice beast barely misses you. You block the ice beast's attack. x2
Sorry, you're not good enough to have a special ability.
Sorry, you're not good enough to have a special ability.
You slash the ice beast! You headbutt the ice beast.
You kill the ice beast!
Your Throwing skill increases to level 2!
You have reached level 7!
You closely miss the ice beast.
The ice beast is heavily wounded.
The ice beast hits you.
* * * LOW HITPOINT WARNING * * *
The ice beast freezes you!
You die...

.######..## ....#.....##
##.......
...........####.........
............#...#....)..
...>.).............!....
.....))......#.. .......
............##.##.......
..........>..#.#........
................@.......
...........###/Y#..##.##
....#.....#.....#.##
########.#........#
###.........##
##............
#####.............#
..................#
..................#


You could see an ice beast.

Vanquished Creatures
  An ice beast (D:5)
  A hound (D:4)
  4 orc wizards
  An orc priest (D:4)
  A centaur skeleton (D:4)
  A giant frog skeleton (D:5)
  3 worker ants
  3 gnolls (D:5)
  6 adders
  A shadow imp (D:5)
  A worm (D:5)
  A dart slug (D:2)
  4 giant geckos
  15 orcs
  3 giant cockroaches
  6 goblins
  6 hobgoblins
  3 jackals (D:3)
  7 kobolds
  2 quokkas (D:3)
  A bat (D:2)
  4 giant newts
  6 rats
81 creatures vanquished.

Vanquished Creatures (others)
  A rat (D:3)
1 creature vanquished.

Grand Total: 82 creatures vanquished

Notes
Turn   | Place    | Note
--------------------------------------------------------------
     0 | D:1      | shmeve the Minotaur Fighter began the quest for the Orb.
     0 | D:1      | Reached XP level 1. HP: 19/19 MP: 0/0
     6 | D:1      | Noticed a basilisk
     6 | D:1      | Noticed a worker ant
     7 | D:1      | Noticed a hell rat
     7 | D:1      | Noticed a stone giant
   584 | D:1      | Reached XP level 2. HP: 27/27 MP: 1/1
  1040 | D:2      | Reached XP level 3. HP: 33/33 MP: 2/2
  1117 | D:2      | Reached skill level 1 in Throwing
  1403 | D:3      | Found a sacrificial altar of Ru.
  1404 | D:3      | Found a stormy altar of Qazlal.
  1404 | D:3      | Found a glowing golden altar of the Shining One.
  1406 | D:3      | Found a sparkling altar of Nemelex Xobeh.
  1474 | D:3      | Reached XP level 4. HP: 32/40 MP: 3/3
  1475 | D:3      | Reached skill level 1 in Dodging
  1816 | D:3      | Reached XP level 5. HP: 47/47 MP: 4/4
  1899 | D:3      | Found a white marble altar of Elyvilon.
  2363 | D:4      | Reached skill level 5 in Shields
  2571 | D:4      | Reached XP level 6. HP: 52/55 MP: 5/5
  2608 | D:4      | Found a blossoming altar of Fedhas.
  2728 | D:4      | Reached skill level 5 in Fighting
  2882 | D:5      | Entered Level 5 of the Dungeon
  3240 | D:5      | Noticed an ice beast
  3241 | D:5      | Noticed an ice beast
  3253 | D:5      | Killed an ice beast
  3253 | D:5      | Reached XP level 7. HP: 10/61 MP: 6/6
  3253 | D:5      | Slain by an ice beast

Skill      XL: |  1  2  3  4  5  6 |
---------------+-------------------+-----
Fighting       | 4 5 |  5.6
Armour         | 4 |  4.6
Throwing       | 1 2 |  2.0
Shields        | 4 5 |  5.8
Axes           | 3 4 |  4.9
Dodging        | 1 2 |  2.1

Action                   |  1- 3 |  4- 6 |  7- 9 || total
-------------------------+-------+-------+-------++-------
Melee: War axe           |    67 |   139 |       ||   206
       Headbutt          |     8 |    16 |       ||    24
  Eat: Chunk             |     1 |     6 |       ||     7
Armor: Scale mail        |    39 |    22 |       ||    61
       Chain mail        |       |    56 |       ||    56
Dodge: Dodged            |    23 |    63 |       ||    86
Block: Shield            |    45 |    80 |       ||   125
